 Dungeon Crawl Stone Soup version 0.26-a0-660-gc07710193c (webtiles) character file.

Game seed: 11197230031184297656

99 DogServant the Skirmisher (level 4, 0/37 HPs)
             Began as a Demonspawn Fighter on Oct 6, 2020.
             Was an Initiate of Ru.
             Slain by a gnoll
             ... wielding a +0 halberd
              (10 damage)
             ... on level 2 of the Dungeon.
             The game lasted 00:02:13 (1514 turns).

DogServant the Skirmisher (Demonspawn Fighter)      Turns: 1514, Time: 00:02:13

Health: 0/37       AC:  6    Str: 18    XL:     4   Next: 45%
Magic:  0/4        EV:  7    Int:  9    God:    Ru [......]
Gold:   55         SH:  9    Dex: 12    Spells: 3/3 levels left

rFire    . . .     SeeInvis .   l - +0 whip (venom)
rCold    . . .     Faith    .   c - +0 kite shield
rNeg     . . .     Spirit   +   b - +0 scale mail
rPois    .         Reflect  .   (helmet restricted)
rElec    .         Harm     .   (no cloak)
rCorr    .         Rampage  .   (no gloves)
MR       .....                  (no boots)
Stlth    ..........             (no amulet)
HPRegen  0.12/turn              (no ring)
MPRegen  0.09/turn              (no ring)

@: no status effects
A: antennae 2, magic shield
a: Renounce Religion


You were on level 2 of the Dungeon.
You worshipped Ru.
Ru was noncommittal.
You visited 1 branch of the dungeon, and saw 2 of its levels.

You collected 55 gold pieces.

Inventory:

Hand Weapons
 a - a +0 war axe
 l - a +0 whip of venom (weapon)
Missiles
 m - a throwing net (quivered)
Armour
 b - a +0 scale mail (worn)
 c - a +0 kite shield (worn)
Scrolls
 f - 2 scrolls of teleportation {unknown}
 g - a scroll of magic mapping {unknown}
 h - a scroll of fog {unknown}
 j - 2 scrolls of enchant weapon {unknown}
Potions
 d - a potion of might
 i - a potion of ambrosia {unknown}
 k - a potion of brilliance {unknown}


   Skills:
 + Level 3.9 Fighting
 + Level 2.8 Axes
 - Level 2.6 Armour
 + Level 3.5 Shields


You had 3 spell levels left.
You didn't know any spells.
Your spell library was empty.

Dungeon Overview and Level Annotations

Branches:
Dungeon (2/15)

Altars:
Ru


Innate Abilities, Weirdness & Mutations

You have a pair of antennae on your head.
When hurt, damage is shared between your health and your magic reserves.


Message History

The gnoll hits you with a +0 spear.
The gnoll hits you from afar with a +0 spear.
* * * LOW HITPOINT WARNING * * *
The gnoll hits you but does no damage. x2
You hit the gnoll.
The gnoll looks as sick as possible!
The gnoll is almost dead.
You kill the gnoll!
The gnoll hits you from afar with a +0 spear.
* * * LOW HITPOINT WARNING * * *
It was a potion of curing.
You feel better. The gnoll barely misses you. You block the gnoll's attack. x2
You hit the gnoll but do no damage.
The gnoll is poisoned.
The gnoll hits you but does no damage. You block the gnoll's attack.
You hit the gnoll but do no damage.
The gnoll looks as sick as possible!
The gnoll is moderately wounded.
You block the gnoll's attack. The gnoll hits you with a +0 halberd!
* * * LOW HITPOINT WARNING * * *
You feel better. The gnoll hits you but does no damage.
The gnoll hits you with a +0 halberd!
You die...

.....#....###.###.......####...[
.....#.#...#...#....<..## ...
..(..#.#.8...8...8.<...# .
.....#.#.......#.......#
....##†#########.......#
....##.#.......#)#######
....##.#.#####>#g# ####...#.#
#.#g# ...###.#.#####.#@#
##†#........##.#.#
##.#........##.#.# #######
##.#....(...##.#.####.....#
......#######.............#
####..# #.............# # #..#
#.............# #.##
#.............# #.#
###..).÷........#


You could see 2 gnolls.

Vanquished Creatures
  6 gnolls (D:2)
  2 worms (D:2)
  A dart slug (D:1)
  A leopard gecko (D:1)
  A ball python (D:1)
  A giant cockroach (D:1)
  5 goblins
  A hobgoblin (D:2)
  3 jackals (D:1)
  2 quokkas (D:2)
  6 bats
  3 frilled lizards
  4 rats (D:1)
36 creatures vanquished.

Notes
Turn   | Place    | Note
-------+----------+-------------------------------------------
     0 | D:1      | DogServant the Demonspawn Fighter began the quest for the
                  | Orb.
     0 | D:1      | Reached XP level 1. HP: 18/18 MP: 1/1
   314 | D:1      | Gained mutation: You have a pair of small antennae on your
                  | head. [demonic ancestry]
   314 | D:1      | Reached XP level 2. HP: 15/24 MP: 2/2
   910 | D:2      | Gained mutation: When hurt, damage is shared between your
                  | health and your magic reserves. [demonic ancestry]
   910 | D:2      | Reached XP level 3. HP: 26/29 MP: 3/3
  1055 | D:2      | Found a sacrificial altar of Ru.
  1085 | D:2      | Became a worshipper of Ru the Awakened
  1154 | D:2      | Gained mutation: You have a pair of antennae on your head.
                  | [demonic ancestry]
  1154 | D:2      | Reached XP level 4. HP: 16/37 MP: 2/4
  1514 | D:2      | Slain by a gnoll

Illustrated notes

Levels and vault maps discovered:
D:1:      sevenhm_arrival_forest_fort_small_4, layout_basic
D:2:      layout_basic, nicolae_overflow_crystal_walls,
          minmay_misc_feat_four_crosses, minmay_crystal_water

Skill      XL: |  1  2 |
---------------+-------+-----
Axes           | 2 |  2.8
Shields        | 3 |  3.5
Fighting       | |  3.9
Armour         | |  2.6

Action                   |  1- 3 |  4- 6 || total
-------------------------+-------+-------++-------
Melee: War axe           |    73 |     6 ||    79
       Whip              |       |    15 ||    15
  Use: Potion            |       |     2 ||     2
Armor: Scale mail        |    37 |     8 ||    45
Dodge: Dodged            |    25 |     6 ||    31
Block: Kite shield       |    37 |    20 ||    57

Table legend: (Time is in decaauts)
 A = Elapsed time spent in this place.
 B = Non-inter-level travel time spent in this place.
 C = Inter-level travel time spent in this place.
 D = Time resting spent in this place.
 E = Time spent auto-exploring this place.
 F = Levels seen in this place.
 G = Mean time per level.
                   A        B        C        D        E       F      G
               +--------+--------+--------+--------+--------+-----+--------+
         Total |   1558 |   1534 |     24 |      0 |   1282 |   2 |  779.0 |
       Dungeon |   1558 |   1534 |     24 |      0 |   1282 |   2 |  779.0 |
               +--------+--------+--------+--------+--------+-----+--------+

Top non-repeatable levels by time:
     D:1: 927 daAuts
     D:2: 631 daAuts
